 Dungeon Crawl Stone Soup version 0.30.0-30-g96aa6591b8 (webtiles) character file.

Game seed: 12156432530820874704

4345 croobank the Sneak (level 10, -3/66 HPs)
             Began as an Octopode Fire Elementalist on June 27, 2023.
             Was an Initiate of Gozag.
             Slain by a vampire mosquito (9 damage)
             ... on level 9 of the Dungeon.
             The game lasted 00:34:55 (9686 turns).

croobank the Sneak (Octopode Fire Elementalist)     Turns: 9686, Time: 00:34:56

Health: -3/66      AC:  1    Str: 13    XL:     10   Next: 34%
Magic:  17/17      EV: 14    Int: 23    God:    Gozag
Gold:   636        SH:  0    Dex: 12    Spells: 9/19 levels left

rFire   . . .        p - +2 hammer (holy)
rCold   . . .        (no shield)
rNeg    . . .        (helmet restricted)
rPois   .            f - amulet of magic regeneration
rElec   .            F - +6 ring of strength
rCorr   +            v - ring of see invisible
SInv    +            M - ring of resist corrosion
Will    .....        (no ring)
Stlth   +++++        (no ring)
HPRegen 0.31/turn    (no ring)
MPRegen 0.55/turn    (no ring)
                     (no ring)

%: no passive effects
@: slowed, very slow
A: almost no armour, amphibious, 8 rings, camouflage 1, gelatinous body 1,
(nimble swimmer 1), tentacles
a: Renounce Religion, Potion Petition, Call Merchant, Bribe Branch


You were on level 9 of the Dungeon.
You worshipped Gozag.
Gozag was pleased with you.
You visited 2 branches of the dungeon, and saw 10 of its levels.
You also visited: Ossuary.

You collected 1388 gold pieces.
You spent 326 gold pieces at shops.
You paid 426 gold pieces to Gozag.

Inventory:

Hand Weapons
 b - a +1 short sword
 c - a +2 dagger of protection
 l - a +0 falchion
 m - a +0 sling
 p - a +2 hammer of holy wrath (weapon)
 q - a +2 long sword
 D - a +2 dagger of venom
 I - the +7 whip of Pride {flame, Str+2 Int+2 Dex+2}
   (You found it on level 5 of the Dungeon)

   Str:       It affects your strength (+2).
   Int:       It affects your intelligence (+2).
   Dex:       It affects your dexterity (+2).
 J - the +3 falchion "Aphuxy" {vamp, rF- rCorr Dex+7 Stlth+}
   (You found it on level 7 of the Dungeon)

   Dex:       It affects your dexterity (+7).
   rF:        It makes you vulnerable to fire.
   rCorr:     It protects you from acid and corrosion.
   Stlth:     It makes you more stealthy.
Missiles
 h - 22 poisoned darts
 A - 2 datura-tipped darts
Magical Staves
 z - a staff of earth
 E - a staff of conjuration
Jewellery
 f - an amulet of magic regeneration (around mantle)
 v - a ring of see invisible (right tentacle)
 F - a +6 ring of strength (left tentacle)
 M - a ring of resist corrosion (on tentacle)
Wands
 o - a wand of roots (20)
 t - a wand of paralysis (13)
 u - a wand of flame (61)
 H - a wand of acid (20)
Scrolls
 g - 2 scrolls of teleportation
 k - 3 scrolls of fog
 r - 2 scrolls of identify
 y - 2 scrolls of immolation
 G - 4 scrolls of fear
 K - a scroll of brand weapon
 N - a scroll of poison
Potions
 a - a potion of magic
 d - 5 potions of mutation
 e - 2 potions of invisibility {unknown}
 i - 2 potions of brilliance
 j - 3 potions of might
 n - 2 potions of heal wounds
 s - 2 potions of cancellation
 w - 4 potions of curing
 x - 2 potions of attraction
 B - 2 potions of haste
 C - 2 potions of lignification
 L - 2 potions of flight
 P - 2 potions of berserk rage


   Skills:
 + Level 5.0 Fighting
 - Level 3.0 Maces & Flails
 + Level 5.3 Dodging
 + Level 7.6 Stealth
 + Level 5.0 Spellcasting
 * Level 6.6 Conjurations
 + Level 3.9 Hexes
 * Level 7.2 Fire Magic


You had 9 spell levels left.
You knew the following spells:

 Your Spells              Type           Power      Damage    Failure   Level
a - Foxfire               Conj/Fire      100%       2x1d9     1%          1
b - Scorch                Fire           78%        2d8       1%          2
c - Inner Flame           Hex/Fire       31%        N/A       3%          3
d - Flame Wave            Conj/Fire      37%        2d10      5%          4

Your spell library contained the following spells:

 Spells                   Type           Power      Damage    Failure   Level
 Magic Dart               Conj           100%       1d8       1%          1
 Kiss of Death            Conj/Necr      84%        2d11      2%          1
 Shock                    Conj/Air       84%        1d8       2%          1
 Static Discharge         Conj/Air       42%        2-4/arc   3%          2
 Confusing Touch          Hex            23%        N/A       5%          3
 Tukima's Dance           Hex            23%        N/A       5%          3
 Volatile Blastmotes      Fire/Tloc      44%        2d13      6%          3
 Mephitic Cloud           Conj/Pois/Air  15%        N/A       12%         3
 Summon Guardian Golem    Hex/Summ       14%        N/A       13%         3
 Call Imp                 Summ           10%        N/A       14%         2
 Lesser Beckoning         Tloc           10%        N/A       14%         2
 Gell's Gravitas          Tloc           5%         N/A       28%         3
 Swiftness                Air            5%         N/A       28%         3
 Teleport Other           Tloc           5%         N/A       28%         3
 Airstrike                Air            2%         2d(1-17)  67%         4
 Dispel Undead            Necr           5%         3d7       67%         4
 Passage of Golubria      Tloc           5%         N/A       67%         4
 Petrify                  Tmut/Erth      5%         N/A       67%         4
 Summon Lightning Spire   Summ/Air       5%         N/A       67%         4
 Metabolic Englaciation   Hex/Ice        7%         N/A       75%         5
 Yara's Violent Unravell  Hex/Tmut       7%         3d5       75%         5
 Orb of Destruction       Conj           18%        9d8       99%         7
 Statue Form              Tmut/Erth      3%         N/A       100%        6
 Spellforged Servitor     Conj/Summ      10%        N/A       100%        7


Dungeon Overview and Level Annotations

Branches:
Dungeon (9/15)             Temple (1/1) D:4            Lair (0/5) D:8
Ossuary (visited)
    Orc: D:9-12

Altars:
Ashenzari
Cheibriados
Dithmenos
Elyvilon
Fedhas
Gozag
Hepliaklqana
Kikubaaqudgha
Makhleb
Nemelex Xobeh
Okawaru
Ru
Sif Muna
Trog
Uskayaw
Vehumet
Wu Jian
Xom
Yredelemnul
Zin
The Shining One

Shops:
D:2 !   D:4 *   D:5 [   D:6 ?   D:7 !

Annotations:
D:3 2 transporters, LynnLen's ghost, amateur SpEn


Innate Abilities, Weirdness & Mutations

You cannot wear most types of armour.
You are amphibious.
You can wear up to eight rings at the same time.
Your skin changes colour to match your surroundings (Stealth+).
Your rubbery body absorbs attacks. (AC +1, EV +1)
((You are camouflaged when in or above water. (Stealth+)))
You have tentacles for arms and can constrict up to eight enemies at once.


Message History

A vampire mosquito comes into view.
The wraith completely misses you. The vampire mosquito misses you.
The vampire mosquito buzzes angrily. x2
You hit the wraith.
You destroy the wraith!
The vampire mosquito bites you!
The vampire mosquito draws strength from your injuries!
The vampire mosquito bites you!
* * * LOW HITPOINT WARNING * * *
The vampire mosquito draws strength from your injuries!
The vampire mosquito is distracted by your dazzling golden aura.
The vampire mosquito closely misses you.
Your Fighting skill increases to level 5!
Your Spellcasting skill increases to level 5!
Casting: Scorch (safe; 1% risk of failure)
Confirm with . or Enter, or press ? or * to list all spells.
Flames lash the vampire mosquito.
The vampire mosquito is lightly damaged.
The vampire mosquito's fire resistance burns away.
The vampire mosquito buzzes angrily.
The vampire mosquito is no longer distracted by gold.
The vampire mosquito bites you!
* * * LOW HITPOINT WARNING * * *
The vampire mosquito draws strength from your injuries!
The vampire mosquito barely misses you. The vampire mosquito misses you. x2
The vampire mosquito bites you.
* * * LOW HITPOINT WARNING * * *
The vampire mosquito draws strength from your injuries!
Okay, then.
Okay, then.
Blink to where?
Press: ? - help, Dir - move target
As you read the scroll of blinking, it crumbles to dust.
Blink to where?
Press: ? - help, Dir - move target
As you read the scroll of blinking, it crumbles to dust.
The vampire mosquito is no longer more vulnerable to fire.
The vampire mosquito bites you!
You die...
Your body crumbles into a pile of gold.

##+#### .......
#+######## .......
.......@y#### .......
.........y..# .......
.........##y###.......
.........##...ยง$......
######+########.......
######+


You could see 3 vampire mosquitoes.

Vanquished Creatures
  Prince Ribbit (D:5)
  A hornet (D:8)
  A wraith (D:9)
  2 wyverns
  4 yaks (D:8)
  A steam dragon (D:8)
  A water moccasin (D:8)
  2 sky beasts
  2 ice beasts
  A black bear (D:7)
  2 ogres (D:6)
  3 centaurs
  A kobold brigand (D:6)
  4 scorpions
  4 wights (D:7)
  6 killer bees
  2 centaur zombies (Ossuary)
  3 orc priests
  2 hounds (D:7)
  2 jellies
  Crazy Yiuf (D:2)
  2 sleepcaps
  Terence (D:2)
  4 iguanas
  9 orc wizards
  5 mummies
  6 gnolls (D:4)
  8 adders
  2 ufetubi
  3 worms
  A dart slug (D:1)
  38 orcs
  7 bats
  7 endoplasms
  5 giant cockroaches
  13 goblins
  3 hobgoblins
  9 kobolds
  7 quokkas
  8 ball pythons
  4 frilled lizards (D:2)
  A gnoll zombie (Ossuary)
  3 goblin zombies (Ossuary)
  2 kobold zombies (Ossuary)
  2 orc zombies (D:8)
  4 rats
200 creatures vanquished.

Vanquished Creatures (collateral kills)
  A foxfire (D:8)
1 creature vanquished.

Vanquished Creatures (others)
  2 orcs (D:8)
  307 foxfires
309 creatures vanquished.

Grand Total: 510 creatures vanquished

Notes
Turn   | Place    | Note
-------+----------+-------------------------------------------
     0 | D:1      | croobank the Octopode Fire Elementalist began the quest for
                  | the Orb.
     0 | D:1      | Reached XP level 1. HP: 11/11 MP: 3/3
   206 | D:1      | Reached XP level 2. HP: 17/17 MP: 5/5
   442 | D:1      | Learned a level 2 spell: Scorch
  1108 | D:1      | Reached XP level 3. HP: 22/22 MP: 4/6
  1479 | D:2      | Found Wigubb's Distillery.
  1487 | D:2      | Bought a potion of degeneration for 14 gold pieces
  1487 | D:2      | Bought a potion of curing for 42 gold pieces
  1843 | D:2      | Noticed Terence
  1850 | D:2      | Killed Terence
  1851 | D:2      | Reached skill level 1 in Fighting
  1851 | D:2      | Reached XP level 4. HP: 28/28 MP: 0/7
  1878 | D:2      | Found a runed translucent door.
  1879 | D:2      | Noticed Crazy Yiuf
  1887 | D:2      | Killed Crazy Yiuf
  1952 | D:3      | Found an ancient bone altar of Kikubaaqudgha.
  2097 | D:3      | Reached XP level 5. HP: 33/33 MP: 2/8
  2111 | D:3      | Learned a level 3 spell: Inner Flame
  2315 | D:3      | Found a transporter.
  2318 | D:3      | Found a transporter.
  2322 | D:3      | Noticed LynnLen's ghost (amateur SpEn)
  2749 | D:3      | HP: 1/33 [poisoned by an orc]
  2980 | D:3      | Found a shadowy altar of Dithmenos.
  3257 | D:4      | Found Biushry's General Store.
  3265 | D:4      | Bought a potion of attraction for 36 gold pieces
  3390 | D:4      | Found a staircase to the Ecumenical Temple.
  3410 | D:4      | Reached XP level 6. HP: 39/39 MP: 7/10
  3543 | Temple   | Entered the Ecumenical Temple
  3595 | Temple   | Became a worshipper of Gozag Ym Sagoz the Greedy
  3835 | D:4      | Reached skill level 5 in Stealth
  3835 | D:4      | Reached XP level 7. HP: 45/45 MP: 7/11
  3847 | D:4      | Learned a level 4 spell: Flame Wave
  4577 | D:5      | Entered Level 5 of the Dungeon
  4717 | D:5      | Found Ocouk's Antique Armour Emporium.
  4788 | D:5      | Noticed Prince Ribbit
  4793 | D:5      | Reached skill level 1 in Hexes
  4801 | D:5      | Killed Prince Ribbit
  4802 | D:5      | Reached XP level 8. HP: 41/51 MP: 6/13
  5025 | D:5      | Identified the +7 whip of Pride {flame, Str+2 Int+2 Dex+2}
  5297 | D:6      | Reached skill level 1 in Maces & Flails
  5297 | D:6      | Reached skill level 5 in Fire Magic
  6083 | D:6      | Reached XP level 9. HP: 57/57 MP: 12/15
  6122 | D:6      | Found Somuck's Magic Scroll Boutique.
  6141 | D:6      | Bought a scroll of fog for 44 gold pieces
  6141 | D:6      | Bought a scroll of identify for 22 gold pieces
  6407 | D:7      | Reached skill level 5 in Conjurations
  6662 | D:7      | Identified the +3 falchion "Aphuxy" {vamp, rF- rCorr Dex+7
                  | Stlth+}
  7101 | D:7      | Found a white marble altar of Elyvilon.
  7113 | D:7      | Found a shimmering altar of Xom.
  7309 | D:7      | Found a bloodstained altar of Trog.
  7377 | D:7      | Found a radiant altar of Vehumet.
  7723 | D:7      | Found Jityve's Distillery.
  7728 | D:7      | Bought a potion of heal wounds for 60 gold pieces
  7728 | D:7      | Bought a potion of flight for 36 gold pieces
  8055 | D:7      | Bought a potion of curing for 36 gold pieces
  8055 | D:7      | Bought a potion of curing for 36 gold pieces
  8225 | D:8      | Found a sand-covered staircase.
  8231 | Ossuary  | Entered an ossuary
  8277 | Ossuary  | Reached skill level 5 in Dodging
  8753 | D:8      | Found a staircase to the Lair.
  8857 | D:8      | Reached XP level 10. HP: 55/65 MP: 17/17
  9683 | D:9      | Reached skill level 5 in Fighting
  9683 | D:9      | Reached skill level 5 in Spellcasting
  9686 | D:9      | Slain by a vampire mosquito

Illustrated notes

Levels and vault maps discovered:
D:1:      amcnicky_arrival_feature_with_door, layout_basic
D:2:      layout_loops_ring, serial_shops, shop, uniq_crazy_yiuf_cottage,
          uniq_terence
D:3:      layout_basic, grunt_dithmenos_smoke_and_mirrors,
          nicolae_kikubaaqudgha_miasma_corner, gammafunk_ghost_mausoleum
D:4:      layout_basic, minmay_temple_entry_overgrown, serial_shops, shop
D:5:      layout_rooms, kennysheep_small_circle, uniq_prince_ribbit1
D:6:      layout_basic, serial_shops, shop, minmay_ogre_servants
D:7:      minmay_spotlight, layout_loops_corners,
          grunt_temple_overflow_cloverleaf, serial_shops,
          nicolae_shop_hallway_stairs
D:8:      layout_loops_corners, lair_entry_dummy, nicolae_ossuary_entry_giza
D:9:      layout_roguey, dk_noncrumbling_2
Temple:   hellmonk_temple_of_storms

Skill      XL: |  1  2  3  4  5  6  7  8  9 10 |
---------------+-------------------------------+-----
Stealth        | 3 4 5 6 7 |  7.6
Fighting       | 1 2 3 4 5 |  5.0
Conjurations   | 2 3 4 6 |  6.6
Dodging        | 3 4 5 |  5.3
Spellcasting   | 3 4 5 |  5.0
Fire Magic     | 4 5 6 7 |  7.2
Hexes          | 1 2 3 |  3.9
Maces & Flails | 2 3 |  3.0

Action                     |  1- 3 |  4- 6 |  7- 9 | 10-12 || total
---------------------------+-------+-------+-------+-------++-------
  Melee: Unarmed           |     4 |       |       |       ||     4
         Short sword       |    27 |    19 |     3 |       ||    49
         Constrict         |     7 |     4 |    22 |     1 ||    34
         Tentacles         |     3 |     4 |    16 |     3 ||    26
         Dagger            |       |       |    10 |       ||    10
         Punch             |       |       |     4 |       ||     4
         Whip              |       |       |    23 |       ||    23
         Falchion          |       |       |    49 |     2 ||    51
         Mace              |       |       |       |     6 ||     6
   Cast: Foxfire           |    29 |    51 |    91 |     9 ||   180
         Scorch            |    10 |    40 |    83 |    14 ||   147
         Flame Wave        |       |       |     2 |       ||     2
         Inner Flame       |       |       |       |     1 ||     1
 Invoke: Potion Petition   |       |       |     1 |       ||     1
  Evoke: Wand              |       |       |       |     2 ||     2
    Use: Scroll            |     7 |     1 |    15 |     2 ||    25
         Potion            |     1 |     1 |     5 |       ||     7
   Stab: Sleeping          |    13 |     2 |    12 |     1 ||    28
         Distracted        |       |     1 |       |       ||     1
 Armour: Skin              |     1 |     4 |     6 |       ||    11
  Dodge: Dodged            |    21 |    13 |   127 |    19 ||   180
